 Dungeon Crawl Stone Soup version 0.28.0-43-g3370ac3207 (webtiles) character file.

Game seed: 10635111442841311992

1773 wolfrpgdude the Protected (level 8, -2/71 HPs)
             Began as a Minotaur Fighter on Mar 16, 2022.
             Was an Initiate of Hepliaklqana.
             Slain by an iguana (3 damage)
             ... on level 6 of the Dungeon.
             The game lasted 00:08:24 (5051 turns).

wolfrpgdude the Protected (Minotaur Fighter)        Turns: 5051, Time: 00:08:24

Health: -2/71      AC: 12    Str: 23    XL:     8   Next: 80%
Magic:  0/7        EV:  9    Int:  5    God:    Hepliaklqana [......]
Gold:   354        SH:  5    Dex: 10    Spells: 7/7 levels left

rFire   . . .      SeeInvis .   i - +4 dagger (venom)
rCold   . . .      Faith    .   c - +0 buckler
rNeg    . . .      Spirit   +   j - +0 chain mail
rPois   +          Reflect  .   (helmet restricted)
rElec   .          Harm     .   (no cloak)
rCorr   +          Rampage  .   D - +0 pair of gloves
Will    .....                   (no boots)
Stlth   ..........              k - amulet of guardian spirit
HPRegen 0.21/turn               x - ring of resist corrosion
MPRegen 0.10/turn               a - ring of poison resistance

@: no status effects
A: horns 2, retaliatory headbutt
a: Renounce Religion


You were on level 6 of the Dungeon.
You worshipped Hepliaklqana.
Hepliaklqana was noncommittal.
You visited 2 branches of the dungeon, and saw 7 of its levels.

You collected 354 gold pieces.

Inventory:

Hand Weapons
 i - a +4 dagger of venom (weapon)
Missiles
 y - a throwing net (quivered)
Armour
 c - a +0 buckler (worn)
 j - a +0 chain mail (worn)
 D - a +0 pair of gloves (worn)
 G - a +0 pair of gloves
Jewellery
 a - a ring of poison resistance (right hand)
 k - an amulet of guardian spirit (around neck)
 x - a ring of resist corrosion (left hand)
Wands
 s - a wand of flame (41)
 A - a wand of acid (14)
 C - a wand of digging (8)
 E - a wand of iceblast (9)
Scrolls
 f - 3 scrolls of teleportation {unknown}
 l - a scroll of silence {unknown}
 o - a scroll of brand weapon {unknown}
 p - 2 scrolls of immolation {unknown}
 r - a scroll of identify
 t - a scroll of enchant weapon
 u - a scroll of magic mapping {unknown}
 w - 2 scrolls of fog {unknown}
 B - a scroll of amnesia {unknown}
Potions
 d - a potion of might
 e - a potion of flight
 g - 2 potions of lignification {unknown}
 h - a potion of magic {unknown}
 m - a potion of resistance {unknown}
 n - 2 potions of curing
 q - a potion of cancellation {unknown}
 v - a potion of mutation {unknown}
 z - a potion of brilliance {unknown}
 F - 2 potions of heal wounds {unknown}


   Skills:
 + Level 6.3 Fighting
 + Level 6.7 Short Blades
 + Level 3.3 Axes
 + Level 8.1 Armour
 + Level 3.6 Dodging
 + Level 0.1 Stealth
 + Level 6.1 Shields


You had 7 spell levels left.
You didn't know any spells.
Your spell library contained the following spells:

 Spells                   Type           Power      Damage    Failure   Level
 Beastly Appendage        Tmut           0%         N/A       99%         1
 Wereblood                Tmut           0%         N/A       99%         2
 Dazzling Flash           Conj/Hex       0%         N/A       100%        3
 Ignite Poison            Fire/Tmut/Pois 0%         N/A       100%        3
 Mephitic Cloud           Conj/Pois/Air  0%         N/A       100%        3
 Spider Form              Tmut/Pois      0%         N/A       100%        3
 Leda's Liquefaction      Hex/Erth       0%         N/A       100%        4
 Agony                    Necr           0%         N/A       100%        5
 Freezing Cloud           Conj/Ice/Air   0%         6-21      100%        5
 Lee's Rapid Deconstruct  Erth           0%         3d5*      100%        5
 Silence                  Hex/Air        0%         N/A       100%        5
 Conjure Ball Lightning   Conj/Air       0%         3x3d6     100%        6
 Statue Form              Tmut/Erth      0%         N/A       100%        6
 Discord                  Hex            0%         N/A       100%        8
 Disjunction              Tloc           0%         N/A       100%        8


Dungeon Overview and Level Annotations

Branches:
Dungeon (6/15)             Temple (1/1) D:4

Altars:
Ashenzari
Cheibriados
Elyvilon
Fedhas
Gozag
Hepliaklqana
Kikubaaqudgha
Makhleb
Nemelex Xobeh
Okawaru
Qazlal
Ru
Sif Muna
Trog
Uskayaw
Vehumet
Wu Jian
Xom
Yredelemnul
Zin
The Shining One


Innate Abilities, Weirdness & Mutations

You have a pair of horns on your head.
You reflexively headbutt those who attack you in melee.


Message History

An orc priest comes into view. It is wielding a +0 club.
The gnoll splashes around in the water.
You hit the gnoll shaman.
The gnoll shaman looks as sick as possible!
You headbutt the gnoll shaman!
You kill the gnoll shaman!
The gnoll barely misses you. You furiously retaliate!
You headbutt the gnoll!
You kill the gnoll!
The gnoll splashes around in the water.
You hit the gnoll.
The gnoll is poisoned.
You headbutt the gnoll.
The gnoll is almost dead.
You kill the gnoll!
You hear a splash.
A gnoll sergeant comes into view. It is wielding a +0 spear.
The orc priest looks braver for a moment.
Items here: $ ( ) †.
Things that are here:
a +0 club; a gnoll skeleton An iguana comes into view.
The iguana hisses angrily.
You hit the iguana.
The iguana is poisoned.
The iguana is moderately wounded.
The orc priest calls down the wrath of Beogh upon you.
Beogh smites you!
* * * LOW HITPOINT WARNING * * *
You hit the iguana.
The iguana looks as sick as possible!
Your headbutt misses the iguana.
The iguana is moderately wounded.
The iguana bites you!
* * * LOW HITPOINT WARNING * * *
You block the gnoll sergeant's attack.
You hit the iguana.
The iguana looks as sick as possible!
The iguana is severely wounded.
The iguana bites you but does no damage.
You hit the iguana but do no damage.
The iguana looks as sick as possible!
The iguana is heavily wounded.
The gnoll sergeant hits you from afar with a +4 spear of venom!
* * * LOW HITPOINT WARNING * * *
The iguana bites you.
You die...

≈≈≈≈≈≈≈≈≈≈≈)g..≈≈≈
≈≈≈≈≈≈≈≈≈≈≈o...≈≈≈
........).........
#####>...........
#............
#.)############## ..#
#).#########....# ...#
#).))...........# ...#
#.......og.@l...##...#
#.[.....g............#
#..#########.........#
#..# #.......## #..#
........#....# ######..#
........#....# ........#
........#....#
#######.#..........#....#
#######.#..........#....#
#.#


You could see 2 gnoll sergeants, an iguana (extremely poisoned) and an orc
priest.

Vanquished Creatures
  A sky beast (D:6)
  2 ice beasts
  2 necrophages (D:5)
  A centaur (D:5)
  2 ogres (D:6)
  3 phantoms (D:5)
  A scorpion (D:4)
  A wyvern zombie (D:6)
  A water moccasin skeleton (D:5)
  4 howler monkeys (D:6)
  A centaur zombie (D:6)
  2 jellies
  2 gnoll shamans (D:6)
  An orc priest (D:6)
  Jessica (D:3)
  A centaur skeleton (D:6)
  2 iguanas
  Natasha (thrice) (D:3)
  4 gnolls (D:6)
  A howler monkey zombie (D:4)
  5 adders
  A white imp (D:5)
  3 ufetubi
  An adder skeleton (D:4)
  A worm (D:3)
  A dart slug (D:3)
  7 orcs
  6 ball pythons
  6 endoplasms
  3 giant cockroaches (D:4)
  5 goblins
  3 hobgoblins
  4 kobolds
  A quokka (D:3)
  2 bats
  5 frilled lizards
  2 rats
92 creatures vanquished.

Notes
Turn   | Place    | Note
-------+----------+-------------------------------------------
     0 | D:1      | wolfrpgdude the Minotaur Fighter began the quest for the
                  | Orb.
     0 | D:1      | Reached XP level 1. HP: 19/19 MP: 0/0
   186 | D:1      | Found a faded altar of an unknown god.
   505 | D:1      | Reached XP level 2. HP: 27/27 MP: 1/1
   771 | D:2      | Reached skill level 4 in Armour
  1273 | D:3      | Reached XP level 3. HP: 25/33 MP: 2/2
  1509 | D:3      | Noticed Natasha
  1519 | D:3      | Killed Natasha
  1520 | D:3      | Reached XP level 4. HP: 21/40 MP: 3/3
  1685 | D:3      | Noticed Jessica
  1687 | D:3      | Killed Jessica
  1688 | D:3      | Reached skill level 1 in Short Blades
  1691 | D:3      | Noticed Natasha
  1700 | D:3      | Killed Natasha
  1701 | D:3      | Reached XP level 5. HP: 25/47 MP: 4/4
  1845 | D:3      | Noticed Natasha
  1855 | D:3      | Killed Natasha
  1948 | D:3      | Reached skill level 5 in Armour
  1948 | D:3      | Reached skill level 1 in Dodging
  2495 | D:4      | Reached XP level 6. HP: 39/55 MP: 5/5
  2603 | D:4      | Found a staircase to the Ecumenical Temple.
  3123 | D:4      | You fall into a shaft and drop 1 floor!
  3123 | D:5      | Entered Level 5 of the Dungeon
  3123 | D:5      | Noticed an ice beast
  3148 | D:5      | Killed an ice beast
  3149 | D:5      | Reached skill level 5 in Fighting
  3149 | D:5      | Reached skill level 5 in Shields
  3292 | D:5      | Reached XP level 7. HP: 50/61 MP: 2/6
  3431 | D:5      | Reached skill level 6 in Armour
  3727 | Temple   | Entered the Ecumenical Temple
  3851 | Temple   | Became a worshipper of Hepliaklqana the Forgotten
  4410 | D:5      | Reached skill level 5 in Short Blades
  4523 | D:5      | Reached XP level 8. HP: 68/70 MP: 7/7
  4669 | D:6      | Reached skill level 7 in Armour
  5023 | D:6      | Reached skill level 8 in Armour
  5051 | D:6      | HP: 1/71 [gnoll sergeant/+4 spear of venom (9)]
  5051 | D:6      | Slain by an iguana

Illustrated notes

Levels and vault maps discovered:
D:1:      nicolae_arrival_somewhat_less_tricky_arrival, layout_rooms,
          hellmonk_ecumenical_altar_arch_garden,
          hangedman_abyss_or_decor_lesser_grid
D:2:      layout_loops_ring
D:3:      layout_loops_ring, kennysheep_cross_room, uniq_jessica, uniq_natasha
D:4:      layout_basic, minmay_temple_entry_sparse_star
D:5:      layout_basic
D:6:      lemuel_castle_with_subvaults [lemuel_castle_interior_carwin_3],
          layout_basic, skrybe_limestone_x
Temple:   kilobyte_greek_temple

Skill      XL: |  1  2  3  4  5  6  7  8 |
---------------+-------------------------+-----
Armour         | 4 5 6 8 |  8.1
Fighting       | 4 5 6 |  6.3
Shields        | 4 5 6 |  6.1
Short Blades   | 1 2 3 5 6 |  6.7
Axes           | 3 |  3.3
Dodging        | 1 2 3 |  3.6
Stealth        | |  0.1

Action                   |  1- 3 |  4- 6 |  7- 9 || total
-------------------------+-------+-------+-------++-------
Melee: Dagger            |    63 |   100 |   162 ||   325
       War axe           |     6 |       |       ||     6
       Headbutt          |     5 |    19 |    31 ||    55
  Use: Scroll            |     4 |       |       ||     4
Armor: Chain mail        |    25 |    30 |    84 ||   139
       Scale mail        |     4 |       |       ||     4
Dodge: Dodged            |    16 |    28 |    48 ||    92
Block: Buckler           |     9 |    11 |    41 ||    61
